 Dungeon Crawl Stone Soup version 0.25.0-37-gb73750e0fb (webtiles) character file.

Game seed: 13606359250415983631

417 nikku the Sneak (level 6, -2/42 HPs)
             Began as an Octopode Assassin on July 9, 2020.
             Shot with an arrow by a centaur (7 damage)
             ... on level 5 of the Dungeon.
             The game lasted 00:10:43 (3991 turns).

nikku the Sneak (Octopode Assassin)                 Turns: 3991, Time: 00:10:44

Health: -2/42      AC:  1    Str: 16    XL:     6   Next: 93%
Magic:  6/6        EV: 14    Int: 13    God:
Gold:   278        SH:  0    Dex: 16    Spells: 5/5 levels left

rFire    . . .     SeeInvis .   a - +2 dagger
rCold    . . .     Gourm    .   (no shield)
rNeg     . . .     Faith    .   (helmet restricted)
rPois    .         Spirit   .   (no amulet)
rElec    .         Reflect  .   l - +6 ring of strength
rCorr    .         Harm     .   (no ring)
MR       .....                  (no ring)
Stlth    +++++.....             (no ring)
HPRegen  0.14/turn              (no ring)
MPRegen  0.10/turn              (no ring)
                                (no ring)
                                (no ring)

@: no status effects
A: almost no armour, stealthy swim, amphibious, 8 rings, constrict 8, camouflage
1, gelatinous body 1
a: no special abilities


You were on level 5 of the Dungeon.
You were not hungry.

You visited 1 branch of the dungeon, and saw 5 of its levels.

You collected 278 gold pieces.

Inventory:

Hand Weapons
 a - a +2 dagger (weapon)
 b - a +0 hunting sling
Missiles
 c - 2 curare-tipped darts
 h - 6 poisoned darts (quivered)
 o - 18 sling bullets
Jewellery
 l - a +6 ring of strength (left tentacle)
Wands
 e - a wand of polymorph (10)
 r - a wand of flame (23)
Scrolls
 g - a scroll of identify
 n - 2 scrolls of immolation
 p - 6 scrolls of remove curse
Potions
 f - a potion of brilliance
 i - 2 potions of curing
 j - 3 potions of might
 m - a potion of ambrosia
 q - a potion of heal wounds
 s - a potion of lignification
Comestibles
 d - 8 rations


   Skills:
 + Level 3.6 Fighting
 + Level 3.5 Short Blades
 + Level 0.6(2.3) Slings
 + Level 3.5(3.6) Throwing
 + Level 2.9 Dodging
 + Level 6.9 Stealth


You had 5 spell levels left.
You didn't know any spells.
Your spell library was empty.

Dungeon Overview and Level Annotations

Branches:
Dungeon (5/15)
 Temple: D:4-7

Altars:
Fedhas
Kikubaaqudgha
Qazlal
Vehumet
Xom
Zin
The Shining One

Annotations:
D:3 2 transporters, MisterFreud's ghost, amateur HaAK
D:4 exclusion: statue


Innate Abilities, Weirdness & Mutations

You cannot wear most types of armour.
You are very stealthy in the water. (Stealth+)
You are amphibious.
You can wear up to eight rings at the same time.
You can use your tentacles to constrict eight enemies at once.
Your skin changes colour to match your surroundings (Stealth+).
Your rubbery body absorbs attacks. (AC +1, EV +1)


Message History

HP restored.
Found a rapier.
e - a wand of polymorph (10) (gained 7 charges)
Found a leather armour.
A centaur comes into view.
Found a kite shield.
An ice beast comes into view.
The centaur wields a +0 shortbow.
The centaur shoots an arrow.
The arrow hits you!
You see here an arrow.
The centaur shoots an arrow.
The arrow hits you!
You see here an arrow.
The centaur shoots an arrow.
The arrow misses you.
The centaur shoots an arrow.
The arrow hits you!
You see here 2 arrows.
The centaur shoots an arrow.
The arrow hits you!
* * * LOW HITPOINT WARNING * * *
You see here an arrow.
The centaur shoots an arrow.
The arrow hits you!
You die...

#.....(...#
#......(c.#
########(.#
##.## #..# ##(#
#.# #.## #@.#
##########.## .#
#...........# .#
#...........##.#
#............#.#
#..........#.#.#
#..........#.#.#
#.......)..#...#
#############..#


You could see a centaur.

Vanquished Creatures
  Sigmund (D:2)
  2 worker ants (D:4)
  Terence (D:2)
  A hound skeleton (D:4)
  Robin (D:2)
  4 adders
  2 oozes
  3 worms (D:3)
  A dart slug (D:2)
  A leopard gecko (D:4)
  3 orcs (D:3)
  8 bats
  9 giant cockroaches
  15 goblins
  8 hobgoblins
  16 jackals
  A quokka (D:3)
  A ball python (D:3)
  13 frilled lizards
  A jackal skeleton (D:4)
  8 kobolds
  A leopard gecko skeleton (D:4)
  3 rats (D:2)
104 creatures vanquished.

Notes
Turn   | Place    | Note
-------+----------+-------------------------------------------
     0 | D:1      | nikku the Octopode Assassin began the quest for the Orb.
     0 | D:1      | Reached XP level 1. HP: 14/14 MP: 1/1
   110 | D:1      | Reached XP level 2. HP: 15/19 MP: 2/2
   364 | D:1      | Reached XP level 3. HP: 22/24 MP: 3/3
   744 | D:2      | Noticed Sigmund
   755 | D:2      | Killed Sigmund
   755 | D:2      | Reached skill level 6 in Stealth
   755 | D:2      | Reached XP level 4. HP: 21/31 MP: 4/4
   755 | D:2      | Reached XP level 5. HP: 24/36 MP: 5/5
  1148 | D:2      | Noticed Terence
  1196 | D:2      | Killed Terence
  1307 | D:2      | Reached XP level 6. HP: 42/42 MP: 6/6
  1466 | D:2      | Found a glowing golden altar of the Shining One.
  1572 | D:2      | Found a shadowy altar of Dithmenos.
  1574 | D:2      | Found a glowing silver altar of Zin.
  1574 | D:2      | Found a stormy altar of Qazlal.
  1576 | D:2      | Found a shimmering altar of Xom.
  1576 | D:2      | Found a stormy altar of Qazlal.
  1576 | D:2      | Found a shimmering altar of Xom.
  1671 | D:2      | Noticed Robin
  1716 | D:2      | Killed Robin
  2339 | D:3      | Found a transporter.
  2340 | D:3      | Noticed MisterFreud's ghost (amateur HaAK)
  2503 | D:3      | Found a transporter.
  3477 | D:4      | Found a blossoming altar of Fedhas.
  3477 | D:4      | Found an ancient bone altar of Kikubaaqudgha.
  3579 | D:4      | Found a radiant altar of Vehumet.
  3869 | D:5      | Entered Level 5 of the Dungeon
  3982 | D:5      | Noticed an ice beast
  3991 | D:5      | Shot with an arrow by a centaur

Illustrated notes

Levels and vault maps discovered:
D:1:      lightli_molten_gateway, layout_rooms, serial_forest,
          infiniplex_forest_zigzag_1, infiniplex_forest_lined_2,
          infiniplex_forest_clump_large, infiniplex_forest_lined_3,
          infiniplex_forest_clump_medium, infiniplex_forest_clump_long,
          infiniplex_forest_lined_room_2
D:2:      layout_basic, doesnt_xom_only_xom, first_ration,
          nicolae_tso_carved_into_rock, uniq_terence, uniq_robin, uniq_sigmund
D:3:      layout_basic, gammafunk_ghost_mausoleum, minmay_joined_circles
D:4:      layout_cave_pools, grunt_temple_overflow_growth_and_decay,
          vehumet_statue, minmay_misc_feat_chi, chequers_serial_rivers_micro_d,
          supply_closet_lemuel
D:5:      layout_basic

Skill      XL: |  1  2  3 |
---------------+----------+-----
Fighting       | 3 |  3.6
Short Blades   | 3 |  3.5
Throwing       | 3 |  3.5
Dodging        | 2 |  2.9
Stealth        | 6 |  6.9
Slings         | |  0.6

Action                   |  1- 3 |  4- 6 || total
-------------------------+-------+-------++-------
Melee: Dagger            |    32 |    94 ||   126
       Constrict         |     8 |    30 ||    38
       Tentacles         |     5 |    25 ||    30
       Unarmed           |       |    11 ||    11
 Fire: Hunting sling     |    14 |    88 ||   102
Throw: Dart              |     5 |       ||     5
  Use: Scroll            |     1 |     7 ||     8
       Potion            |       |     4 ||     4
 Stab: Sleeping          |     8 |    11 ||    19
  Eat: Chunk             |       |     9 ||     9
Armor: Skin              |     4 |     8 ||    12
Dodge: Dodged            |    26 |    70 ||    96
